 Dungeon Crawl Stone Soup version 0.24-a0-489-g1c7b743 (webtiles) character file.

Game seed: 15434181016453746041

143 silentkaos13 the Insei (level 5, -9/61 HPs)
             Began as a Demonspawn Monk on July 11, 2019.
             Killed by nerve-wracking pain
             ... invoked by Grinder
              (13 damage)
             ... on level 3 of the Dungeon.
             The game lasted 00:07:33 (2002 turns).

silentkaos13 the Insei (Demonspawn Monk)            Turns: 2002, Time: 00:07:34

Health: -9/61      AC:  8    Str: 18    XL:     5   Next: 4%
Magic:  0/5        EV: 12    Int: 11    God:
Gold:   54         SH:  0    Dex: 15    Spells: 4/4 levels left

rFire    x . .     SeeInvis .     - Unarmed
rCold    + . .     Gourm    .   (no shield)
rNeg     . . .     Faith    .   l - +0 ring mail
rPois    .         Spirit   +   s - +2 helmet
rElec    .         Reflect  .   (no cloak)
rCorr    .         Harm     .   (no gloves)
MR       .....                  (no boots)
Stlth    ..........             d - amulet of magic regeneration
HPRegen  0.20/turn              i - ring of ice
MPRegen  0.34/turn              (no ring)

@: berserking, hasted, very quick
A: claws 1, talons 1, magic shield
a: no special abilities


You were on level 3 of the Dungeon.
You were not hungry.

You visited 1 branch of the dungeon, and saw 3 of its levels.

You collected 54 gold pieces.

Inventory:

Armour
 a - a +0 robe
 f - a +0 leather armour
 l - a +0 ring mail (worn)
 m - a +0 pair of gloves
 o - a scarf of spirit shield
 p - a +0 scale mail
 s - a +2 helmet (worn)
Jewellery
 d - an amulet of magic regeneration (around neck)
 i - a ring of ice (left claw)
Scrolls
 c - a scroll of identify
 e - 2 scrolls of blinking {unknown}
 h - a scroll of noise {unknown}
 n - a scroll of teleportation {unknown}
 r - a scroll of magic mapping {unknown}
Potions
 g - a potion of haste
 j - a potion of degeneration {unknown}
 k - a potion of berserk rage
 q - a potion of lignification {unknown}
Comestibles
 b - 2 rations


   Skills:
 + Level 3.1 Fighting
 * Level 2.1 Armour
 + Level 3.5 Dodging
 + Level 2.0 Stealth
 + Level 3.8 Unarmed Combat


You had 4 spell levels left.
You didn't know any spells.
Your spell library was empty.

Dungeon Overview and Level Annotations

Branches:
Dungeon (3/15)

Altars:
Fedhas

Annotations:
D:3 Grinder


Innate Abilities, Weirdness & Mutations

You have sharp fingernails.
You have sharp toenails.
When hurt, damage is shared between your health and your magic reserves.


Message History

Your unstable footing causes you to fumble your attack.
Grinder splashes around in the water.
You scratch Grinder. You claw Grinder.
Grinder is lightly wounded.
Grinder hits you.
* * * LOW HITPOINT WARNING * * *
You writhe in agony.
* * * LOW HITPOINT WARNING * * *
Your unstable footing causes you to fumble your attack.
The dart slug launches a dart at you. The slug dart hits you.
It was a potion of berserk rage.
A red film seems to cover your vision as you go berserk!
You feel yourself moving faster!
You feel mighty!
Grinder splashes around in the water.
Your unstable footing causes you to fumble your attack.
The dart slug splashes around in the water.
Grinder gestures at you. Pain shoots through your body!
You die...

..≈≈≈≈≈≈≈...
#..P≈≈≈≈....
#...≈≈≈≈≈...
#..≈≈≈≈≈≈..#
####...≈≈≈≈≈≈..
......≈≈≈≈≈.≈..
#...≈P≈≈≈...
#..@≈5≈≈....
##..≈≈≈≈....
#..≈≈≈P≈..#
##..≈≈P...#
#.≈≈≈w≈..#
#.≈≈≈≈≈..##
#..≈≈≈≈....
#%†≈≈≈P...#
#..≈≈≈≈...#


You could see Grinder and a dart slug.

Vanquished Creatures
  Robin (D:3)
  4 adders
  An ooze (D:2)
  An adder skeleton (D:2)
  2 worms (D:2)
  2 dart slugs (D:1)
  4 leopard geckos
  3 orcs (D:3)
  13 goblins
  14 hobgoblins
  5 bats (D:1)
  6 frilled lizards
  8 kobolds
  8 rats
72 creatures vanquished.

Vanquished Creatures (others)
  A plant (D:3)
1 creature vanquished.

Grand Total: 73 creatures vanquished

Notes
Turn   | Place    | Note
-------+----------+-------------------------------------------
     0 | D:1      | silentkaos13 the Demonspawn Monk began the quest for the
                  | Orb.
     0 | D:1      | Reached XP level 1. HP: 18/18 MP: 1/1
    62 | D:1      | Gained mutation: You have sharp toenails. [demonic
                  | ancestry]
    62 | D:1      | Reached XP level 2. HP: 4/24 MP: 2/2
   804 | D:1      | Gained mutation: You have sharp fingernails. [demonic
                  | ancestry]
   804 | D:1      | Reached XP level 3. HP: 27/29 MP: 3/3
   974 | D:2      | Reached skill level 1 in Armour
  1019 | D:2      | Gained mutation: When hurt, damage is shared between your
                  | health and your magic reserves. [demonic ancestry]
  1019 | D:2      | Reached XP level 4. HP: 16/35 MP: 4/4
  1444 | D:2      | Found a blossoming altar of Fedhas.
  1868 | D:3      | Noticed Robin
  1868 | D:3      | Noticed Grinder
  1907 | D:3      | Killed Robin
  1920 | D:3      | Reached XP level 5. HP: 34/41 MP: 5/5
  1952 | D:3      | Paralysed by Grinder for 4 turns
  1985 | D:3      | Paralysed by Grinder for 6 turns
  1998 | D:3      | HP: 2/41 [Grinder (4)]
  2002 | D:3      | Killed from afar by Grinder

Levels and vault maps discovered:
D:1:      lemuel_arrival_tunnels, layout_rooms
D:2:      layout_loops_ring, serial_glass, glass_columns_c, glass_columns_c,
          glass_columns_b, glass_columns_b, glass_columns_b, glass_columns_a,
          fedhas_altar_4
D:3:      layout_loops_ring, chequers_big_river, uniq_natasha, uniq_robin,
          uniq_grinder, uniq_terence

Skill      XL: |  1  2  3  4 |
---------------+-------------+-----
Dodging        | 3 |  3.5
Unarmed Combat | 3 |  3.8
Armour         | 1 2 |  2.1
Stealth        | 2 |  2.0
Fighting       | |  3.1

Action                   |  1- 3 |  4- 6 || total
-------------------------+-------+-------++-------
Melee: Unarmed           |   106 |   113 ||   219
       Kick              |    18 |    24 ||    42
       Punch             |     1 |       ||     1
  Use: Scroll            |     2 |     1 ||     3
       Potion            |       |     2 ||     2
 Stab: Sleeping          |     1 |       ||     1
  Eat: Chunk             |       |     4 ||     4
Armor: Robe              |     3 |       ||     3
       Leather armour    |    37 |       ||    37
       Ring mail         |    10 |    30 ||    40
Dodge: Dodged            |   114 |    63 ||   177

Table legend:
 A = Non-vault XP
 B = Vault XP
 C = Vault XP percentage of total XP
 D = Non-vault monster count
 E = Vault monster count
 F = Vault count percentage of total count
                 A         B        C        D         E       F
            +---------+---------+-------+---------+---------+-------
      Total |     170 |      35 |  17.1 |      60 |      12 |  16.7
            +---------+---------+-------+---------+---------+-------
        D:1 |      48 |       0 |   0.0 |      27 |       0 |   0.0
        D:2 |      94 |       0 |   0.0 |      26 |       0 |   0.0
        D:3 |      28 |      35 |  55.6 |       7 |      12 |  63.2
            +---------+---------+-------+---------+---------+-------
